 Dungeon Crawl Stone Soup version 0.29-a0-464-g50448035db (webtiles) character file.

Game seed: 11389929690197627421

147574 Bruhh the Convoker (level 17, -1/178 HPs)
             Began as an Ogre Earth Elementalist on May 20, 2022.
             Was a Priest of Ashenzari.
             Slain by a harpy (4 damage)
             ... on level 4 of the Shoals on May 21, 2022.
             The game lasted 01:41:42 (42950 turns).

Bruhh the Convoker (Ogre Earth Elementalist)       Turns: 42950, Time: 01:41:49

Health: -1/178     AC:  7    Str: 16    XL:     17   Next: 47%
Magic:  15/34      EV: 13    Int: 28    God:    Ashenzari [***...]
Gold:   1461       SH:  5    Dex: 11    Spells: 8/43 levels left

rFire   + + .      SeeInvis +   g - +4 demon trident "Bosu Lipn" {venom, Fragile rF++ rN++}
rCold   . . .      Faith    .   (no shield)
rNeg    + + .      Spirit   .   O - +0 troll leather armour of the Celestial Sybil {Regen+, Comp, Range} (curse)
rPois   .          Reflect  +   (helmet restricted)
rElec   +          Harm     .   D - +1 cloak of Starlight {*Dazzle EV+4 Stlth--, Comp, Fort} (curse)
rCorr   +          Rampage  .   (gloves unavailable)
Will    +++..      Clarity  +   (boots unavailable)
Stlth   ..........              u - amulet of reflection
HPRegen 1.19/turn               q - ring "Restrained With Me" {Fly Int+6, Alch, Comp} (curse)
MPRegen 0.24/turn               a - ring of Supernal Understanding {rElec Will+ rCorr, Self, Comp} (curse)

@: flying, studying Dodging
A: large, unfitting armour, tough skin 1, agile 1, strong-willed 1
a: Renounce Religion, Curse Item, Shatter the Chains


You were on level 4 of the Shoals.
You worshipped Ashenzari.
Ashenzari was most pleased with you.
You visited 6 branches of the dungeon, and saw 26 of its levels.
You also visited: Ossuary and Volcano.

You collected 2100 gold pieces.
You spent 639 gold pieces at shops.

Inventory:

Hand Weapons
 d - a +1 short sword of venom
 g - the +4 demon trident "Bosu Lipn" (weapon) {venom, Fragile rF++ rN++}
   (You acquired it on level 2 of the Orcish Mines)

   It poisons the flesh of those it strikes.
   rF:        It greatly protects you from fire.
   rN:        It greatly protects you from negative energy.
   Fragile:   It will be destroyed if unequipped.
 T - the +8 whip "Snakebite" {venom, curare, rPois}
   (You took it off Amaemon on level 2 of the Lair of Beasts)

   It poisons the flesh of those it strikes.
   It occasionally inflicts asphyxiating poison on those it strikes, dealing
   poison damage and causing slowness.
   rPois:     It protects you from poison.
Missiles
 c - 353 stones
 l - 48 poisoned darts
 Q - 5 throwing nets
Armour
 y - a +0 kite shield
 D - the cursed +1 cloak of Starlight (worn) {*Dazzle EV+4 Stlth--, Comp, Fort}
   (You acquired it in an ossuary)

   It may blind those who miss an attack against the wearer in melee combat.
   EV:        It affects your evasion (+4).
   Stlth:     It makes you much less stealthy.
   It has a curse which improves the following skills: Companions: Summonings
   and Necromancy.
   Fortitude: Armour and Shields.
 H - a +1 robe of willpower
 L - a +2 robe of cold resistance
 O - the cursed +0 troll leather armour of the Celestial Sybil (worn) {Regen+, Comp, Range}
   (You found it on level 9 of the Dungeon)

   Regen:     It increases your rate of health regeneration.
   It has a curse which improves the following skills: Companions: Summonings
   and Necromancy.
   Ranged Combat: Slings, Bows, Crossbows and Throwing.
Jewellery
 a - the cursed ring of Supernal Understanding (right hand) {rElec Will+ rCorr, Self, Comp}
   (You acquired it in an ossuary)

   [ring of resist corrosion]

   rElec:     It insulates you from electricity.
   rCorr:     It protects you from acid and corrosion.
   Will:      It increases your willpower.
   It has a curse which improves the following skills: Introspection: Fighting
   and Spellcasting.
   Companions: Summonings and Necromancy.
 n - a ring of poison resistance
 q - the cursed ring "Restrained With Me" (left hand) {Fly Int+6, Alch, Comp}
   (You acquired it in an ossuary)

   [ring of intelligence]

   Int:       It affects your intelligence (+6).
   Fly:       It grants you flight.
   It has a curse which improves the following skills: Alchemy: Poison Magic and
   Transmutations.
   Companions: Summonings and Necromancy.
 u - an amulet of reflection (around neck)
Wands
 s - a wand of iceblast (18)
 F - a wand of polymorph (22)
 N - a wand of flame (18)
 V - a wand of acid (12)
Scrolls
 b - a scroll of teleportation
 i - 2 scrolls of enchant armour
 m - 3 scrolls of poison
 p - 7 scrolls of fog
 t - 4 scrolls of enchant weapon
 v - 7 scrolls of magic mapping
 w - 3 scrolls of immolation
 x - a scroll of noise
 B - 2 scrolls of brand weapon
 E - 5 scrolls of amnesia
 J - 4 scrolls of fear
 K - 8 scrolls of identify
 W - 2 scrolls of silence
 X - a scroll of summoning
Potions
 e - 7 potions of curing
 f - 2 potions of cancellation
 h - 6 potions of haste
 j - 4 potions of berserk rage
 k - 5 potions of degeneration
 o - 10 potions of heal wounds
 z - 3 potions of attraction
 A - 5 potions of lignification
 C - 3 potions of might
 G - 2 potions of magic
 I - 3 potions of brilliance
 M - a potion of ambrosia
 P - 3 potions of flight
 R - 2 potions of mutation
 U - a potion of resistance
Miscellaneous
 r - a phial of floods
 S - a phantom mirror


   Skills:
 - Level 12.0(13.5) Fighting
 - Level 1.7 Dodging
 - Level 1.4 Stealth
 - Level 3.0(4.4) Shields
 - Level 12.0(13.5) Spellcasting
 - Level 14.0 Conjurations
 + Level 17.8(21.5) Summonings
 - Level 0.8(1.7) Transmutations
 - Level 4.0 Air Magic
 - Level 6.0 Earth Magic
 - Level 6.0(7.6) Poison Magic
 - Level 10.0 Invocations


You had 8 spell levels left.
You knew the following spells:

 Your Spells              Type           Power      Damage    Failure   Level
a - Sandblast             Erth           100%       2d20      1%          1
b - Poisonous Vapours     Pois/Air       100%       N/A       1%          2
c - Ignite Poison         Fire/Tmut/Pois 36%        N/A       2%          3
d - Olgreb's Toxic Radia  Pois           57%        N/A       1%          4
e - Stone Arrow           Conj/Erth      100%       3d13      1%          3
f - Freezing Cloud        Conj/Ice/Air   25%        6-21      9%          5
g - Orb of Destruction    Conj           38%        9d11      10%         7
h - Call Canine Familiar  Summ           96%        N/A       0%          3
j - Spellforged Servitor  Conj/Summ      43%        N/A       1%          7

Your spell library contained the following spells:

 Spells                   Type           Power      Damage    Failure   Level
 Summon Small Mammal      Summ           100%       N/A       0%          1
 Beastly Appendage        Tmut           56%        N/A       1%          1
 Sting                    Tmut/Pois      100%       1d8       1%          1
 Passwall                 Tmut/Erth      33%        N/A       1%          2
 Conjure Flame            Conj/Fire      55%        6-21      1%          3
 Dazzling Flash           Conj/Hex       100%       N/A       1%          3
 Mephitic Cloud           Conj/Pois/Air  61%        N/A       1%          3
 Summon Guardian Golem    Hex/Summ       68%        N/A       1%          3
 Fulminant Prism          Conj/Hex       27%        3d14      1%          4
 Iskenderun's Mystic Bla  Conj/Tloc      55%        2d12      1%          4
 Iskenderun's Battlesphe  Conj           77%        2d13      1%          5
 Summon Hydra             Summ           48%        N/A       1%          7
 Wereblood                Tmut           28%        N/A       2%          2
 Slow                     Hex            72%        N/A       3%          1
 Sublimation of Blood     Necr           22%        N/A       4%          2
 Blink                    Tloc           36%        N/A       5%          2
 Fireball                 Conj/Fire      27%        3d12      5%          5
 Corpse Rot               Necr/Pois/Air  41%        N/A       6%          4
 Petrify                  Tmut/Erth      40%        N/A       7%          4
 Vampiric Draining        Necr           22%        2d7       9%          3
 Lee's Rapid Deconstruct  Erth           25%        3d15*     9%          5
 Leda's Liquefaction      Hex/Erth       17%        N/A       10%         4
 Confusing Touch          Hex            18%        N/A       11%         3
 Lesser Beckoning         Tloc           18%        N/A       11%         3
 Ozocubu's Armour         Ice            18%        N/A       11%         3
 Conjure Ball Lightning   Conj/Air       31%        3x3d10    13%         6
 Dispel Undead            Necr           22%        3d12      26%         4
 Starburst                Conj/Fire      27%        6d9       30%         6
 Cause Fear               Hex            9%         N/A       34%         4
 Passage of Golubria      Tloc           18%        N/A       34%         4
 Silence                  Hex/Air        15%        N/A       38%         5
 Manifold Assault         Tloc           18%        N/A       67%         5
 Metabolic Englaciation   Hex/Ice        9%         N/A       67%         5
 Statue Form              Tmut/Erth      26%        N/A       71%         6
 Lehudib's Crystal Spear  Conj/Erth      33%        10d8      98%         8
 Death Channel            Necr           11%        N/A       99%         6
 Dispersal                Tloc           9%         N/A       99%         6
 Simulacrum               Ice/Necr       10%        N/A       99%         6
 Dragon Form              Tmut           14%        N/A       100%        7
 Storm Form               Tmut/Air       17%        N/A       100%        7
 Disjunction              Tloc           9%         N/A       100%        8
 Dragon's Call            Summ           48%        N/A       45%         9


Dungeon Overview and Level Annotations

Branches:
Dungeon (12/15)            Temple (1/1) D:7            Lair (6/6) D:10
 Shoals (4/4) Lair:2       Spider (0/4) Lair:2        Slime (1/5) Lair:6
    Orc (2/2) D:11            Elf (0/3) Orc:2       Ossuary (visited)
Volcano (visited)

Altars:
Ashenzari
Cheibriados
Dithmenos
Elyvilon
Fedhas
Gozag
Hepliaklqana
Kikubaaqudgha
Makhleb
Nemelex Xobeh
Okawaru
Qazlal
Ru
Sif Muna
Trog
Uskayaw
Vehumet
Wu Jian
Xom
Yredelemnul
Zin
The Shining One
Beogh

Shops:
D:4 [   Orc:2 *=(!   Shoals:1 :   Shoals:4 *

Annotations:
D:4 1 runed translucent door, Impy's ghost, amateur DEHu
D:12 Azrael


Innate Abilities, Weirdness & Mutations

You are too large for most types of armour.
You have tough skin. (AC +1)
You are agile. (Dex +2)
You are strong-willed. (Will+)


Message History

The sea snake is almost dead.
The harpy seems to burn from within!
The harpy is severely wounded.
The harpy barely misses you. You block the harpy's attack.
The sea snake bites you but does no damage.
The harpy closely misses you.
The harpy's vision is obscured by starry radiance!
The harpy claws you but does no damage.
Casting: Ignite Poison (mildly dangerous; 2% risk of failure)
Confirm with . or Enter, or press ? or * to list all spells.
Aiming: Poisonous Vapours (safe; 1% risk of failure)
Press: ? - help, Dir - move target, f/p - sea snake
Aim: a sea snake (almost dead) Poisonous vapours surround the sea snake!
The sea snake looks as sick as possible!
The harpy is no longer blind.
The harpy claws you but does no damage. The harpy misses you.
The sea snake bites you.
* * * LOW HITPOINT WARNING * * *
The harpy claws you.
* * * LOW HITPOINT WARNING * * *
The harpy claws you!
* * * LOW HITPOINT WARNING * * *
You block the sea snake's attack.
Casting: Poisonous Vapours (safe; 1% risk of failure)
Confirm with . or Enter, or press ? or * to list all spells.
You ignite the poison in your surroundings!
The sea snake seems to burn from within!!!!
You kill the sea snake!
The harpy closely misses you. The harpy claws you but does no damage.
The harpy claws your spellforged servitor but does no damage.
The harpy claws your spellforged servitor.
You are too injured to fight recklessly!
The harpy attacks as you move away! The harpy claws you!
* * * LOW HITPOINT WARNING * * *
The harpy claws you!
* * * LOW HITPOINT WARNING * * *
The harpy claws you!
* * * LOW HITPOINT WARNING * * *
The harpy claws you.
You die...

≈≈≈≈..###.#.#.###..≈≈≈≈
≈ ≈^..., ##≈÷..≈≈#
.P.P≈≈≈ ≈ *#..#.#.##
...P≈≈≈ ≈ , ,
#...≈...##..P.≈P≈≈
....#..≈..#......≈≈≈
.....#####........≈≈ ≈
≈ ,
.......#.##........≈≈ ≈
≈≈
............?P.....PP
...≈≈.....H†H@...P..P ≈
,,.≈≈ ......†.......P≈
, , ≈ ≈....9.?.......≈
≈≈ , ≈..............P ,
≈.....#.#......≈
≈......∩.......≈
≈.....#.#......≈ ≈ ≈≈≈
..............P≈ ,, , ,
≈ ≈


You could see 2 harpies and a friendly spellforged servitor (summoned).

Vanquished Creatures
  A kraken (Shoals:1)
  Ilsuiw (Shoals:2)
  An azure jelly (Slime:1)
  2 orc warlords
  2 elemental wellsprings (Shoals:1)
  A red draconian (Volcano)
  8 merfolk impalers
  2 merfolk javelineers
  An ogre mage (Volcano)
  A catoblepas (D:9)
  2 boulder beetles
  7 two-headed ogres
  2 merfolk avatars
  An alligator snapping turtle (Shoals:4)
  4 hydras
  2 satyrs
  3 nameless horrors
  A merfolk aquamancer (Shoals:4)
  17 death yaks
  A tengu warrior (D:9)
  6 orc high priests
  Amaemon (Lair:2)
  12 sea snakes
  2 lindwurms
  An ugly thing (D:11)
  2 oklob plants (Lair:6)
  3 orc knights (Orc:2)
  6 harpies
  6 orc sorcerers
  10 manticores
  21 fauns
  5 cyclopes
  12 water nymphs
  3 black mambas
  8 merfolk sirens
  12 elephants
  8 cane toads
  A gargoyle (D:11)
  2 molten gargoyles (Volcano)
  An orange demon (Lair:2)
  Psyche (D:9)
  A kobold demonologist (D:9)
  14 komodo dragons
  3 rime drakes
  8 trolls
  26 merfolk
  2 polar bears (Lair:6)
  8 wind drakes
  4 hornets (Lair:6)
  9 blink frogs
  4 slime creatures
  12 dream sheep
  Sigmund (D:7)
  4 snapping turtles
  16 spriggans (Lair:6)
  A shadow (D:10)
  2 wyverns
  4 fire elementals
  A jumping spider (Lair:2)
  4 wraiths
  29 yaks
  2 fire bats (Volcano)
  Grum (D:8)
  2 redbacks (Lair:2)
  A basilisk (Lair:3)
  A steam dragon (D:9)
  2 acid dragons (D:9)
  2 wargs (Orc:1)
  A hell hound (D:12)
  27 orc warriors
  10 water moccasins
  5 black bears
  2 ice beasts (D:7)
  7 ogres
  31 wolves
  3 boggarts (Lair:6)
  8 centaurs
  8 kobold brigands
  10 bullfrogs
  6 scorpions
  3 water moccasin zombies (Ossuary)
  5 gnoll sergeants
  11 killer bees
  4 howler monkeys
  6 lava snakes (Volcano)
  A jelly (D:6)
  4 hounds
  3 gnoll shamans
  10 orc priests
  3 iron imps (D:6)
  27 orc wizards
  2 mummies (Ossuary)
  Robin (D:3)
  21 gnolls
  3 adders
  A white imp (D:5)
  An ufetubus (D:5)
  4 adder zombies (Ossuary)
  3 worms
  3 dart slugs
  102 orcs
  8 ball pythons
  4 bats
  6 endoplasms
  5 giant cockroaches
  14 goblins
  16 hobgoblins
  7 jackals
  18 kobolds
  2 quokkas
  3 frilled lizards
  2 gnoll zombies (Ossuary)
  6 hobgoblin zombies (Ossuary)
  5 kobold zombies (Ossuary)
  6 orc zombies (Ossuary)
  7 rats (D:2)
792 creatures vanquished.

Vanquished Creatures (collateral kills)
  An elemental wellspring (Shoals:1)
  A merfolk impaler (Shoals:2)
  An alligator snapping turtle (Shoals:3)
  4 two-headed ogres (Orc:2)
  3 sea snakes
  15 harpies
  3 fauns
  A manticore (Shoals:2)
  A water nymph (Shoals:1)
  3 merfolk sirens
  A nameless horror (Shoals:1)
  8 merfolk
  A wind drake (Shoals:1)
  4 snapping turtles
  A warg (Orc:2)
  18 orc warriors (Orc:2)
  6 ogres (Orc:2)
  17 orc priests (Orc:2)
  5 orc wizards (Orc:2)
  23 orcs
117 creatures vanquished.

Vanquished Creatures (others)
  A harpy (Shoals:3)
  A yak (D:9)
  An orc warrior (Orc:2)
  3 orcs
  2 bushes
  57 fungi
  160 plants
  4 tentacles (Shoals:1)
229 creatures vanquished.

Grand Total: 1138 creatures vanquished

Notes
Turn   | Place    | Note
-------+----------+-------------------------------------------
     0 | D:1      | Bruhh the Ogre Earth Elementalist began the quest for the
                  | Orb.
     0 | D:1      | Reached XP level 1. HP: 16/16 MP: 3/3
   179 | D:1      | Reached XP level 2. HP: 22/24 MP: 1/6
   989 | D:1      | Reached XP level 3. HP: 31/31 MP: 4/8
  1789 | D:2      | Reached XP level 4. HP: 34/39 MP: 3/10
  2201 | D:2      | Reached skill level 5 in Spellcasting
  2204 | D:2      | Learned a level 2 spell: Poisonous Vapours
  2208 | D:2      | Learned a level 3 spell: Ignite Poison
  2212 | D:2      | Learned a level 3 spell: Mephitic Cloud
  2345 | D:2      | Found a faded altar of an unknown god.
  2842 | D:3      | Noticed Robin
  2878 | D:3      | Killed Robin
  3045 | D:3      | Reached skill level 1 in Poison Magic
  3237 | D:3      | Reached XP level 5. HP: 45/45 MP: 6/12
  4111 | D:4      | Found Nuiprap's Armour Boutique.
  4381 | D:4      | Found a runed translucent door.
  4382 | D:4      | Noticed Impy's ghost (amateur DEHu)
  4422 | D:4      | Identified the +8 short sword of Fragile Peace {spect,
                  | rElec}
  4464 | D:4      | Reached XP level 6. HP: 49/53 MP: 13/13
  4698 | D:4      | Learned a level 3 spell: Stone Arrow
  5138 | D:5      | Entered Level 5 of the Dungeon
  5171 | D:5      | Noticed a water moccasin
  5183 | D:5      | Killed a water moccasin
  5184 | D:5      | Reached skill level 1 in Conjurations
  5435 | D:5      | Found a large runed translucent door.
  5436 | D:5      | Found a large runed translucent door.
  5473 | D:5      | Found a sacrificial altar of Ru.
  5752 | D:5      | Reached XP level 7. HP: 50/59 MP: 10/14
  6774 | D:5      | Found a hide-covered altar of Uskayaw.
  6805 | D:5      | Found a white marble altar of Elyvilon.
  6815 | D:5      | Became a worshipper of Elyvilon the Healer
  7013 | D:6      | Reached XP level 8. HP: 60/67 MP: 8/15
  7097 | D:6      | Found a glowing golden altar of the Shining One.
  7245 | D:6      | Found a sand-covered staircase.
  7250 | Ossuary  | Entered an ossuary
  7380 | Ossuary  | Reached skill level 5 in Poison Magic
  8020 | Ossuary  | Identified 3 scrolls of acquirement
  8020 | Ossuary  | Acquired the ring of the Doge {rElec Will+ rCorr}
  8024 | Ossuary  | Acquired the +1 cloak of Starlight {*Dazzle EV+4 Stlth--}
  8024 | Ossuary  | Found the +1 cloak of Starlight {*Dazzle EV+4 Stlth--}
  8032 | Ossuary  | Acquired the ring of Pantheism {Fly Int+6}
  8178 | D:6      | Reached * piety under Elyvilon
  9208 | D:7      | Found a staircase to the Ecumenical Temple.
  9346 | D:7      | Reached skill level 1 in Fighting
  9346 | D:7      | Reached XP level 9. HP: 46/76 MP: 2/21
 10054 | D:7      | Noticed Sigmund
 10078 | D:6      | Reached skill level 5 in Fighting
 10353 | D:6      | Found a burning altar of Makhleb.
 10872 | D:7      | Killed Sigmund
 11682 | D:8      | Reached ** piety under Elyvilon
 11684 | D:8      | Noticed Grum
 11692 | D:8      | Killed Grum
 11693 | D:8      | Reached skill level 10 in Fighting
 11813 | D:8      | Reached XP level 10. HP: 94/111 MP: 18/22
 12115 | D:8      | Found an opulent altar of Gozag.
 12176 | D:9      | Noticed Psyche
 12180 | D:9      | Killed Psyche
 12324 | D:9      | Reached skill level 5 in Conjurations
 12594 | D:9      | Noticed a kobold demonologist
 12599 | D:9      | Killed a kobold demonologist
 13097 | D:9      | Noticed a cyclops
 13100 | D:9      | Killed a cyclops
 13425 | D:9      | Noticed a two-headed ogre
 13428 | D:9      | Reached *** piety under Elyvilon
 13500 | D:9      | Found a broken altar of Ashenzari.
 13645 | D:9      | Reached skill level 1 in Air Magic
 13811 | D:9      | Killed a two-headed ogre
 13875 | D:9      | Noticed a two-headed ogre
 13875 | D:9      | Noticed a tengu warrior
 13925 | D:9      | Noticed a catoblepas
 13962 | D:9      | Reached XP level 11. HP: 91/120 MP: 9/23
 14092 | D:9      | Killed a two-headed ogre
 14332 | D:9      | Killed a tengu warrior
 14747 | D:9      | Killed a catoblepas
 14897 | D:10     | Entered Level 10 of the Dungeon
 14906 | D:9      | Learned a level 5 spell: Freezing Cloud
 15132 | D:10     | Found a sparkling altar of Nemelex Xobeh.
 15158 | D:10     | Reached skill level 10 in Spellcasting
 15406 | D:10     | Reached skill level 10 in Conjurations
 15494 | D:10     | Found a staircase to the Lair.
 15533 | D:10     | Found a shimmering altar of Xom.
 15631 | D:10     | Reached **** piety under Elyvilon
 15877 | Lair:1   | Entered Level 1 of the Lair of Beasts
 16205 | Lair:1   | Reached XP level 12. HP: 130/130 MP: 18/26
 16795 | Lair:1   | Reached ***** piety under Elyvilon
 16864 | Lair:1   | Found the +7 staff of the Meek {protect, meekguard}
 17334 | Lair:2   | Found a staircase to the Shoals.
 17391 | Lair:2   | Noticed Amaemon
 17539 | Lair:2   | Found a hole to the Spider Nest.
 17802 | Lair:1   | Learned a level 7 spell: Orb of Destruction
 18389 | Lair:2   | Reached skill level 1 in Invocations
 18452 | Lair:2   | Killed Amaemon
 19342 | Lair:3   | Noticed a boulder beetle
 19353 | Lair:3   | Killed a boulder beetle
 19521 | Lair:3   | Noticed a six-headed hydra
 19540 | Lair:3   | Killed a six-headed hydra
 20215 | Lair:4   | Reached ****** piety under Elyvilon
 20227 | Lair:4   | Noticed a death yak
 20227 | Lair:4   | Noticed a death yak
 21002 | Lair:4   | Noticed a death yak
 21004 | Lair:4   | Noticed a death yak
 21005 | Lair:4   | Reached XP level 13. HP: 137/137 MP: 15/27
 21011 | Lair:4   | Reached skill level 5 in Invocations
 22219 | Lair:5   | You are sucked into a shaft and drop 1 floor!
 22219 | Lair:6   | Entered Level 6 of the Lair of Beasts
 22817 | Lair:5   | Reached skill level 10 in Invocations
 23030 | Lair:5   | Got the Reference Book on Flamy Moulding
 23638 | Lair:6   | Reached XP level 14. HP: 146/146 MP: 14/29
 23829 | Lair:6   | Reached skill level 5 in Earth Magic
 24320 | Lair:6   | Found a staircase to the Slime Pits.
 24488 | Slime:1  | Entered Level 1 of the Pits of Slime
 24488 | Slime:1  | Noticed an azure jelly
 24493 | Slime:1  | Killed an azure jelly
 24724 | Lair:6   | Learned a level 3 spell: Call Canine Familiar
 24884 | Slime:1  | Gained mutation: You are dopey. (Int -2) [a shining eye]
 24895 | Lair:6   | Lost mutation: You are dopey. (Int -2) [potion of mutation]
 24895 | Lair:6   | Gained mutation: You are dopey. (Int -2) [potion of
                  | mutation]
 24896 | Lair:6   | Lost mutation: You are dopey. (Int -2) [potion of mutation]
 24896 | Lair:6   | Gained mutation: You are agile. (Dex +2) [potion of
                  | mutation]
 24896 | Lair:6   | Gained mutation: You are strong-willed. (Will+) [potion of
                  | mutation]
 24979 | Lair:6   | Reached skill level 1 in Summonings
 25064 | Lair:6   | Reached skill level 2 in Summonings
 25182 | Lair:6   | HP: 4/149 [eight-headed hydra (15)]
 25182 | Lair:6   | HP: 1/149 [eight-headed hydra (3)]
 25182 | Lair:6   | Elyvilon protects you from harm!
 25593 | Lair:6   | Reached skill level 3 in Summonings
 25911 | Lair:6   | Reached skill level 4 in Summonings
 26013 | Lair:6   | Found the necklace of Bloodlust {*Rage Will++ Int-3 Slay+6}
 26376 | Lair:6   | Reached skill level 5 in Summonings
 26828 | Lair:6   | Reached skill level 6 in Summonings
 27244 | Temple   | Entered the Ecumenical Temple
 27425 | D:9      | Fell from the grace of Elyvilon
 27426 | D:9      | Became a worshipper of Ashenzari the Shackled
 27850 | D:11     | Found a staircase to the Orcish Mines.
 27856 | D:11     | Reached skill level 7 in Summonings
 28816 | D:12     | Noticed Azrael
 28821 | D:11     | Reached skill level 8 in Summonings
 28956 | D:11     | Learned a level 5 spell: Lee's Rapid Deconstruction
 28957 | Orc:1    | Entered Level 1 of the Orcish Mines
 29008 | Orc:1    | Reached XP level 15. HP: 156/156 MP: 19/31
 29208 | Orc:1    | Found a dark tunnel.
 29286 | Volcano  | Entered a volcano
 29825 | Volcano  | Found a bloodstained altar of Trog.
 29830 | Volcano  | Reached skill level 9 in Summonings
 30429 | Orc:1    | Reached * piety under Ashenzari
 30615 | Orc:1    | Noticed an orc warlord
 30734 | Orc:1    | Killed an orc warlord
 30735 | Orc:1    | Reached skill level 10 in Summonings
 31001 | Orc:1    | Learned a level 7 spell: Spellforged Servitor
 31002 | Orc:2    | Entered Level 2 of the Orcish Mines
 31571 | Orc:2    | Found Muaf's General Store.
 31653 | Orc:2    | Found Haepn's Jewellery Shoppe.
 32304 | Orc:2    | Reached skill level 11 in Summonings
 33195 | Orc:2    | Acquired the +4 demon trident "Bosu Lipn" {venom, Fragile
                  | rF++ rN++}
 33365 | Orc:2    | Reached ** piety under Ashenzari
 33387 | Orc:2    | Found a staircase to the Elven Halls.
 33565 | Orc:2    | Noticed an orc warlord
 33584 | Orc:2    | Killed an orc warlord
 33806 | Orc:2    | Found Epriri's Antique Weapon Shop.
 33833 | Orc:2    | Reached skill level 12 in Summonings
 34066 | Orc:2    | Found Joacul Fait's Distillery.
 34083 | Orc:2    | Bought a potion of ambrosia for 104 gold pieces
 34083 | Orc:2    | Bought a potion of haste for 130 gold pieces
 34083 | Orc:2    | Bought a potion of heal wounds for 65 gold pieces
 34374 | Shoals:1 | Entered Level 1 of the Shoals
 34518 | Shoals:1 | Reached skill level 1 in Shields
 35636 | Shoals:1 | Noticed a kraken
 35641 | Shoals:1 | Killed a kraken
 35856 | Shoals:1 | Reached XP level 16. HP: 156/169 MP: 9/33
 35930 | Shoals:1 | Reached skill level 13 in Summonings
 36349 | Shoals:1 | Found Horown's Book Emporium.
 36356 | Shoals:1 | Bought a Young Poisoner's Handbook for 340 gold pieces
 36372 | Shoals:1 | Learned a level 4 spell: Olgreb's Toxic Radiance
 37330 | Shoals:1 | Reached skill level 14 in Summonings
 38084 | Shoals:2 | Reached *** piety under Ashenzari
 38792 | Shoals:2 | Reached skill level 15 in Summonings
 38805 | Shoals:2 | Noticed Ilsuiw
 38821 | Shoals:2 | Killed Ilsuiw
 40636 | Shoals:3 | Reached skill level 16 in Summonings
 41022 | Shoals:3 | Reached XP level 17. HP: 162/178 MP: 18/34
 41806 | Shoals:4 | Entered Level 4 of the Shoals
 41911 | Shoals:4 | Reached skill level 17 in Summonings
 42934 | Shoals:4 | Found Tuapofuge's General Store.
 42950 | Shoals:4 | HP: 3/178 [harpy (12)]
 42950 | Shoals:4 | Slain by a harpy

Illustrated notes

Levels and vault maps discovered:
D:1:      nzn_arrival_crosshair, layout_loops_corners, minmay_tree_intersection,
          wander_ebering_terrifying_dragon_lair
D:2:      layout_basic, shapermc_ecumenical_altar_ellora
D:3:      layout_loops_ring, minmay_misc_feat_diagonals,
          hangedman_decor_clover_reticule, serial_bayou_ford_a,
          chequers_serial_rivers_large_b, minmay_misc_feat_iff, uniq_robin
D:4:      layout_basic, gammafunk_ghost_grave, serial_shops,
          nicolae_shop_waterfront
D:5:      layout_basic, mainiacjoe_overflow_concentric_impassable,
          jmf_multi_god_temple2, hangedman_abyss_or_decor_stabs
D:6:      layout_rooms, tso_metal_star, demons_altar, enter_ossuary_2
D:7:      layout_layer_cave, minmay_temple_entry_statues_pillars, sigmund_army
D:8:      layout_rooms, grunt_gozag_statues, uniq_grum
D:9:      kennysheep_windowed_halls, layout_basic, mainiacjoe_overflow_alcove_4,
          serial_aquarium, aquarium_bridge_straight [aquarium_subvault_bridge,
          aquarium_subvault_window, aquarium_subvault_bridge,
          aquarium_subvault_balcony], aquarium_window_fake,
          aquarium_window_fake, aquarium_window_1, aquarium_view_4,
          aquarium_balcony_5a, aquarium_pool_2, blue_anna_alchemist, uniq_psyche
D:10:     layout_cave_pools, old_standard_altar, mainiacjoe_overflow_paths,
          lair_entry_dummy
D:11:     layout_rooms, kennysheep_orc_monster_closet_entryway
D:12:     layout_irregular_city, uniq_azrael, uniq_fannar
Temple:   dshaligram_water_room_temple
Lair:1:   layout_roguey, chequers_serial_rivers_room_a,
          nicolae_lair_grove_arrangements
Lair:2:   layout_gridlike, elwin_shoals_entry_stream, spider_nest_entry_a,
          eino_small_chamber_without_monster, chequers_serial_rivers_micro_d,
          lemuel_another_geyser, uniq_amaemon
Lair:3:   layout_regular_city
Lair:4:   layout_long_grid, beast_lair_carwin_11
Lair:5:   layout_concentric_octagons, minivault_23
Lair:6:   minmay_lair_end_enchanted_forest, layout_regular_city,
          minmay_slime_entry_oklob_enclosed, gauntlet_entry_generic
Shoals:1: layout_shoals, serial_shops, nicolae_shop_crystal, abandoned_shop,
          nicolae_shoals_spring_well_temple
Shoals:2: layout_shoals, uniq_ilsuiw
Shoals:3: layout_shoals
Shoals:4: shoals_end_hangedman, layout_shoals, shoals_ilsuiw_ice, serial_shops,
          nicolae_shop_crystal, uniq_bai_suzhen
Slime:1:  layout_caves
Orc:1:    layout_caves, nicolae_volcano_entry_vermiform
Orc:2:    pubby_orc_utopia, serial_shops

Skill      XL: |  1  2  3  4  5  6  7  8  9 10 11 12 13 14 15 16 17 |
---------------+----------------------------------------------------+-----
Spellcasting   | 3 4 5 8 10 11 12 | 12.0
Earth Magic    | 3 4 6 |  6.0
Poison Magic   | 1 2 3 4 6 |  6.0
Conjurations   | 2 3 4 8 10 13 14 | 14.0
Fighting       | 1 10 11 12 | 12.0
Air Magic      | 3 4 |  4.0
Invocations    | 4 10 | 10.0
Summonings     | 8 12 16 17 | 17.8
Shields        | 3 |  3.0
Dodging        | |  1.7
Stealth        | |  1.4
Transmutations | |  0.8

Action                   |  1- 3 |  4- 6 |  7- 9 | 10-12 | 13-15 | 16-18 || total
-------------------------+-------+-------+-------+-------+-------+-------++-------
Melee: Unarmed           |     3 |       |    42 |       |       |       ||    45
       Short sword       |    20 |    95 |    95 |   162 |       |       ||   372
       Punch             |       |       |     1 |     4 |     9 |     2 ||    16
       Whip              |       |       |       |    33 |   443 |       ||   476
       Demon trident     |       |       |       |       |   155 |   116 ||   271
 Cast: Sandblast         |    37 |    83 |    62 |    28 |    16 |     8 ||   234
       Poisonous Vapours |       |       |    28 |    92 |   216 |    91 ||   427
       Stone Arrow       |       |       |    63 |    62 |    35 |    15 ||   175
       Ignite Poison     |       |       |    11 |    50 |   105 |    91 ||   257
       Mephitic Cloud    |       |       |     1 |     3 |     1 |       ||     5
       Freezing Cloud    |       |       |       |    19 |    16 |     2 ||    37
       Orb of Destructio |       |       |       |    10 |    46 |     8 ||    64
       Spellforged Servi |       |       |       |       |    37 |    26 ||    63
       Lee's Rapid Decon |       |       |       |       |     7 |       ||     7
       Olgreb's Toxic Ra |       |       |       |       |       |    39 ||    39
       Call Canine Famil |       |       |       |       |       |     4 ||     4
Invok: Heal Self         |       |       |       |     3 |     2 |       ||     5
       Curse Item        |       |       |       |       |     3 |     1 ||     4
       Renounce Religion |       |       |       |       |     1 |       ||     1
  Use: Scroll            |       |     3 |    15 |     9 |    14 |     4 ||    45
       Potion            |       |       |     5 |     2 |     6 |       ||    13
 Stab: Sleeping          |     1 |       |       |       |       |       ||     1
       Distracted        |       |     1 |       |       |     1 |     1 ||     3
       Invisible         |       |       |       |     8 |     2 |     2 ||    12
Armor: Robe              |    12 |    56 |    90 |    30 |       |       ||   188
       Troll leather arm |       |       |       |    52 |   166 |    51 ||   269
Dodge: Dodged            |    19 |    54 |   105 |   236 |   477 |   174 ||  1065
Block: Other             |       |       |    23 |    80 |   169 |    44 ||   316
       Reflection        |       |       |     1 |     3 |    28 |     9 ||    41
       Kite shield       |       |       |       |       |    40 |     2 ||    42

Table legend: (Time is in decaauts)
 A = Elapsed time spent in this place.
 B = Non-inter-level travel time spent in this place.
 C = Inter-level travel time spent in this place.
 D = Time resting spent in this place.
 E = Time spent auto-exploring this place.
 F = Levels seen in this place.
 G = Mean time per level.
                   A        B        C        D        E       F      G
               +--------+--------+--------+--------+--------+-----+--------+
         Total |  43274 |  41954 |   1320 |   5242 |  29086 |  28 | 1545.5 |
       Dungeon |  17318 |  16572 |    746 |   1187 |  12903 |  12 | 1443.2 |
        Temple |     97 |     72 |     25 |      0 |     59 |   1 |   97.0 |
          Lair |  11390 |  11044 |    346 |   1925 |   7309 |   6 | 1898.3 |
        Shoals |   8301 |   8209 |     92 |   1601 |   5032 |   4 | 2075.2 |
    Slime Pits |     19 |     19 |      0 |      0 |      0 |   1 |   19.0 |
  Orcish Mines |   4268 |   4159 |    109 |    270 |   2687 |   2 | 2134.0 |
       Ossuary |    797 |    797 |      0 |      0 |    672 |   1 |  797.0 |
       Volcano |   1082 |   1082 |      0 |    259 |    424 |   1 | 1082.0 |
               +--------+--------+--------+--------+--------+-----+--------+

Top non-repeatable levels by time:
   Orc:2: 3201 daAuts
Shoals:1: 3109 daAuts
  Lair:6: 3056 daAuts
     D:9: 2558 daAuts
Shoals:3: 2415 daAuts
  Lair:5: 2119 daAuts
Shoals:2: 2028 daAuts
     D:7: 2025 daAuts
  Lair:2: 1895 daAuts
     D:5: 1862 daAuts
     D:6: 1527 daAuts
  Lair:1: 1517 daAuts
  Lair:3: 1508 daAuts
     D:2: 1493 daAuts
    D:11: 1486 daAuts
